TOP OF THE 1ST |
Indianapolis HS Rifles batting - Pitching for Broken Arrow HS : RHP Larry Gray
|
Pitching: RHP Larry Gray
|
|
Batting: RHB Howard Robinson
|
0-0: Bunt for hit - play at first, batter safe!
|
Batting: RHB Jason Tomlin
|
0-0: Swinging Strike 0-1: Swinging Strike 0-2: Foul Ball, location: 2F 0-2: Ball 1-2: Strikes out swinging
|
Batting: RHB Dwayne Roldán
|
0-0: Called Strike 0-1: Fly out, F8 (Flyball, 8RD)
|
Batting: LHB Dave Sanders
|
0-0: Ball 1-0: Swinging Strike 1-1: Swinging Strike 1-2: Foul Ball, location: 2F 1-2: Strikes out swinging
|
Top of the 1st over - 0 run(s), 1 hit(s), 0 error(s), 1 left on base; Indianapolis HS 0 - Broken Arrow HS 0 |
BOTTOM OF THE 1ST |
Broken Arrow HS batting - Pitching for Indianapolis HS Rifles : RHP Elwood Barrett
|
Pitching: RHP Elwood Barrett
|
|
Batting: RHB Ramón Santos
|
0-0: Ball 1-0: Ball 2-0: Foul Ball, location: 2F 2-1: Called Strike 2-2: Fly out, F6 (Popup, 6D)
|
Batting: RHB Donnie Bryan
|
0-0: Ball 1-0: Ball 2-0: Bunt for hit - play at first, batter OUT! 1-3
|
Batting: RHB Jon Bush
|
0-0: Ball 1-0: Called Strike 1-1: Ball 2-1: Called Strike 2-2: Ground out 4-3 (Groundball, 4M)
|
Bottom of the 1st over - 0 run(s), 0 hit(s), 0 error(s), 0 left on base; Indianapolis HS 0 - Broken Arrow HS 0 |
TOP OF THE 2ND |
Indianapolis HS Rifles batting - Pitching for Broken Arrow HS : RHP Larry Gray
|
Batting: RHB Kevin Robinson
|
0-0: Swinging Strike 0-1: Ground out 5-3 (Groundball, 5)
|
Batting: LHB Benny Marte
|
0-0: Called Strike 0-1: Swinging Strike 0-2: Ball 1-2: Ball 2-2: Strikes out swinging
|
Batting: RHB Juan Valdéz
|
0-0: Ball 1-0: Called Strike 1-1: Foul Ball, location: 2F 1-2: Ball 2-2: Ball 3-2: Base on Balls
|
Batting: RHB Wesley Wood
|
0-0: Ball 1-0: Fly out, F4 (Popup, 34)
|
Top of the 2nd over - 0 run(s), 0 hit(s), 0 error(s), 1 left on base; Indianapolis HS 0 - Broken Arrow HS 0 |
BOTTOM OF THE 2ND |
Broken Arrow HS batting - Pitching for Indianapolis HS Rifles : RHP Elwood Barrett
|
Batting: RHB Chris Lancaster
|
0-0: Called Strike 0-1: Ball 1-1: Swinging Strike 1-2: Foul Ball, location: 2F 1-2: Foul Ball, location: 2F 1-2: Foul Ball, location: 2F 1-2: Strikes out looking
|
Batting: RHB James Thompson
|
0-0: Ball 1-0: Ball 2-0: Ball 3-0: Called Strike 3-1: Base on Balls
|
Batting: LHB Jesús Zamora
|
0-0: Called Strike 0-1: Ground out 4-3 (Groundball, 4MS) James Thompson to second
|
Batting: SHB Bill Murphy
|
0-0: Called Strike 0-1: Called Strike 0-2: Foul Ball, location: 2F 0-2: Foul Ball, location: 2F 0-2: Foul Ball, location: 2F 0-2: Strikes out swinging
|
Bottom of the 2nd over - 0 run(s), 0 hit(s), 0 error(s), 1 left on base; Indianapolis HS 0 - Broken Arrow HS 0 |
TOP OF THE 3RD |
Indianapolis HS Rifles batting - Pitching for Broken Arrow HS : RHP Larry Gray
|
Batting: RHB Lorenzo Camacho
|
0-0: Bunt for hit - play at first, batter OUT! 5-3
|
Batting: RHB Howard Robinson
|
0-0: Called Strike 0-1: Foul Ball, location: 2F 0-2: Ball 1-2: Foul Ball, location: 2F 1-2: Ball 2-2: Ball 3-2: Fly out, F9 (Flyball, 9LSF)
|
Batting: RHB Jason Tomlin
|
0-0: Ground out 1-3 (Groundball, P)
|
Top of the 3rd over - 0 run(s), 0 hit(s), 0 error(s), 0 left on base; Indianapolis HS 0 - Broken Arrow HS 0 |
BOTTOM OF THE 3RD |
Broken Arrow HS batting - Pitching for Indianapolis HS Rifles : RHP Elwood Barrett
|
Batting: RHB R.J. Tucker
|
0-0: Called Strike 0-1: Swinging Strike 0-2: Strikes out swinging, 2-3 out at first.
|
Batting: LHB Dennis Montgomery
|
0-0: Ball 1-0: Ball 2-0: SINGLE (Popup, 5)
|
Batting: RHB Ramón Santos
|
0-0: Foul Ball, location: 2F 0-1: Ball 1-1: Ball 2-1: Ball 3-1: Base on Balls Dennis Montgomery to second
|
Batting: RHB Donnie Bryan
|
0-0: Foul Ball, location: 2F 0-1: Ball 1-1: SINGLE (Groundball, 56D) Dennis Montgomery to third Ramón Santos to second
|
Batting: RHB Jon Bush
|
0-0: Ball 1-0: Ball 2-0: Called Strike 2-1: Foul Ball, location: 2F 2-2: Strikes out swinging
|
Batting: RHB Chris Lancaster
|
0-0: Ball 1-0: Called Strike 1-1: Ball 2-1: GRAND SLAM HOME RUN (Flyball, 89XD), Distance : 407 ft
|
Batting: RHB James Thompson
|
0-0: DOUBLE (Flyball, 8RM)
|
Batting: LHB Jesús Zamora
|
0-0: Ball 1-0: SINGLE (Flyball, 89S) James Thompson to third Runner from 3rd tries for Home, SAFE, no throw
|
Batting: SHB Bill Murphy
|
0-0: Ball 1-0: Ground out 3-1 (Groundball, 34S)
|
Bottom of the 3rd over - 5 run(s), 5 hit(s), 0 error(s), 1 left on base; Indianapolis HS 0 - Broken Arrow HS 5 |
TOP OF THE 4TH |
Indianapolis HS Rifles batting - Pitching for Broken Arrow HS : RHP Larry Gray
|
Batting: RHB Dwayne Roldán
|
0-0: Called Strike 0-1: Ball 1-1: Ball 2-1: Ball 3-1: SINGLE (Flyball, 9LS)
|
Batting: LHB Dave Sanders
|
0-0: Ball 1-0: Called Strike 1-1: Swinging Strike 1-2: Fly out, F8 (Flyball, 8LD) Runner from 1st tags up, SAFE at 2nd
|
Batting: RHB Kevin Robinson
|
0-0: Ball 1-0: Ball 2-0: Called Strike 2-1: Foul Ball, location: 2F 2-2: Foul Ball, location: 2F 2-2: Foul Ball, location: 2F 2-2: 2-RUN HOME RUN (Flyball, 9D), Distance : 385 ft
|
Batting: LHB Benny Marte
|
0-0: Ball 1-0: Foul Ball, location: 2F 1-1: Swinging Strike 1-2: Foul Ball, location: 2F 1-2: Ball 2-2: SINGLE (Groundball, 6MD)
|
Batting: RHB Juan Valdéz
|
0-0: Called Strike 0-1: Foul Ball, location: 2F 0-2: Grounds into double play, 6-4-3 (Groundball, 6)
|
Top of the 4th over - 2 run(s), 3 hit(s), 0 error(s), 0 left on base; Indianapolis HS 2 - Broken Arrow HS 5 |
BOTTOM OF THE 4TH |
Broken Arrow HS batting - Pitching for Indianapolis HS Rifles : RHP Elwood Barrett
|
Batting: RHB R.J. Tucker
|
0-0: Ball 1-0: Called Strike 1-1: Ball 2-1: Foul Ball, location: 2F 2-2: Strikes out looking
|
Batting: LHB Dennis Montgomery
|
0-0: Swinging Strike 0-1: Called Strike 0-2: Ball 1-2: Strikes out swinging
|
Batting: RHB Ramón Santos
|
0-0: Swinging Strike 0-1: SINGLE (Line Drive, 78S)
|
Batting: RHB Donnie Bryan
|
0-0: Ball 1-0: Fly out, F5 (Line Drive, 56)
|
Bottom of the 4th over - 0 run(s), 1 hit(s), 0 error(s), 1 left on base; Indianapolis HS 2 - Broken Arrow HS 5 |
TOP OF THE 5TH |
Indianapolis HS Rifles batting - Pitching for Broken Arrow HS : RHP Larry Gray
|
Batting: RHB Wesley Wood
|
0-0: Called Strike 0-1: Ball 1-1: Foul Ball, location: 2F 1-2: Strikes out swinging
|
Batting: RHB Lorenzo Camacho
|
0-0: Ball 1-0: Ball 2-0: Swinging Strike 2-1: Called Strike 2-2: Ball 3-2: Base on Balls
|
Batting: RHB Howard Robinson
|
0-0: Ball 1-0: Ball 2-0: Foul Ball, location: 2F 2-1: Ball 3-1: Base on Balls Lorenzo Camacho to second
|
Batting: RHB Jason Tomlin
|
0-0: Ball 1-0: Foul Ball, location: 2F 1-1: Called Strike Lorenzo Camacho steals 3rd base Howard Robinson to second 1-2: Ball 2-2: Reached on error, E6 (Groundball, 6) Lorenzo Camacho scores Howard Robinson scores
|
Pitching: RHP Michael Crosby
|
|
Batting: RHB Dwayne Roldán
|
0-0: Called Strike 0-1: Fly out, F8 (Flyball, 89S)
|
Batting: LHB Dave Sanders
|
0-0: Called Strike 0-1: Called Strike 0-2: Strikes out swinging
|
Top of the 5th over - 2 run(s), 0 hit(s), 1 error(s), 1 left on base; Indianapolis HS 4 - Broken Arrow HS 5 |
BOTTOM OF THE 5TH |
Broken Arrow HS batting - Pitching for Indianapolis HS Rifles : RHP Elwood Barrett
|
Pitching: LHP Eugene Hernández
|
|
Batting: RHB Jon Bush
|
0-0: Called Strike 0-1: Ball 1-1: SINGLE (Groundball, 4MD)
|
Batting: RHB Chris Lancaster
|
0-0: Ball Jon Bush steals 2nd base 1-0: Fly out, F4 (Popup, 4MD)
|
Batting: RHB James Thompson
|
0-0: Intentional Walk
|
Batting: LHB Jesús Zamora
|
0-0: Ball 1-0: Ball 2-0: Foul Ball, location: 2F 2-1: Ball 3-1: Base on Balls Jon Bush to third James Thompson to second
|
Batting: SHB Bill Murphy
|
0-0: Called Strike 0-1: Ball 1-1: Grounds into double play, U5-3 (Groundball, 5L)
|
Bottom of the 5th over - 0 run(s), 1 hit(s), 0 error(s), 2 left on base; Indianapolis HS 4 - Broken Arrow HS 5 |
TOP OF THE 6TH |
Indianapolis HS Rifles batting - Pitching for Broken Arrow HS : RHP Michael Crosby
|
Batting: RHB Kevin Robinson
|
0-0: Ball 1-0: Ball 2-0: Swinging Strike 2-1: Ball 3-1: Base on Balls
|
Batting: LHB Benny Marte
|
0-0: Foul Ball, location: 2F 0-1: Ball 1-1: Called Strike 1-2: Ball 2-2: Foul Ball, location: 2F 2-2: Single, Error in OF, E9, batter to second base Kevin Robinson to third
|
Batting: RHB Juan Valdéz
|
0-0: Called Strike 0-1: Foul Ball, location: 2F 0-2: Foul Ball, location: 2F 0-2: Foul Ball, location: 2F 0-2: Ball 1-2: Ball 2-2: Ball 3-2: Base on Balls
|
Batting: RHB Wesley Wood
|
0-0: Ball 1-0: Ball 2-0: Called Strike 2-1: Ball 3-1: Base on Balls Kevin Robinson scores Benny Marte to third Juan Valdéz to second
|
Batting: RHB Lorenzo Camacho
|
0-0: Called Strike 0-1: Ball 1-1: Swinging Strike 1-2: Ball 2-2: Strikes out swinging
|
Batting: RHB Howard Robinson
|
0-0: Ball 1-0: Called Strike 1-1: Swinging Strike 1-2: Fly out, F8 (Line Drive, 8LM)
|
Batting: RHB Jason Tomlin
|
0-0: Called Strike 0-1: Ball 1-1: Ball 2-1: Ball 3-1: Foul Ball, location: 2F 3-2: Foul Ball, location: 2F 3-2: Base on Balls Benny Marte scores Juan Valdéz to third Wesley Wood to second
|
Pitching: LHP José Colón
|
|
Batting: RHB Dwayne Roldán
|
0-0: Called Strike 0-1: Ball 1-1: Foul Ball, location: 2F 1-2: Ball 2-2: Foul Ball, location: 2F 2-2: Fly out, F9 (Flyball, 9S)
|
Top of the 6th over - 2 run(s), 1 hit(s), 1 error(s), 3 left on base; Indianapolis HS 6 - Broken Arrow HS 5 |
BOTTOM OF THE 6TH |
Broken Arrow HS batting - Pitching for Indianapolis HS Rifles : LHP Eugene Hernández
|
Batting: RHB R.J. Tucker
|
0-0: Ball 1-0: Ball 2-0: Swinging Strike 2-1: Foul Ball, location: 2F 2-2: Ball 3-2: Base on Balls
|
Batting: LHB Dennis Montgomery
|
0-0: Called Strike 0-1: Called Strike 0-2: SINGLE (Groundball, 34) (infield hit) R.J. Tucker to second
|
Batting: RHB Ramón Santos
|
0-0: SINGLE (Flyball, 6MD) R.J. Tucker to third Dennis Montgomery to second
|
Batting: RHB Donnie Bryan
|
0-0: Ball 1-0: Swinging Strike 1-1: Ball 2-1: Called Strike 2-2: Ball 3-2: Foul Ball, location: 2F 3-2: Grounds into double play, 5-4-3 (Groundball, 56) R.J. Tucker scores Dennis Montgomery to third
|
Batting: RHB Jon Bush
|
0-0: Called Strike 0-1: Fly out, F3 (Popup, 3S)
|
Bottom of the 6th over - 1 run(s), 2 hit(s), 0 error(s), 1 left on base; Indianapolis HS 6 - Broken Arrow HS 6 |
TOP OF THE 7TH |
Indianapolis HS Rifles batting - Pitching for Broken Arrow HS : LHP José Colón
|
Batting: LHB Dave Sanders
|
0-0: Foul Ball, location: 2F 0-1: Foul Ball, location: 2F 0-2: Fly out, F9 (Line Drive, 89S)
|
Batting: RHB Kevin Robinson
|
0-0: Called Strike 0-1: Ball 1-1: Called Strike 1-2: Fly out, F8 (Flyball, 8LM)
|
Batting: LHB Benny Marte
|
0-0: Called Strike 0-1: Foul Ball, location: 2F 0-2: Ball 1-2: Ball 2-2: Foul Ball, location: 2F 2-2: SINGLE (Flyball, 8RS)
|
Batting: RHB Juan Valdéz
|
0-0: Foul Ball, location: 2F 0-1: Ball 1-1: Swinging Strike 1-2: Strikes out swinging
|
Top of the 7th over - 0 run(s), 1 hit(s), 0 error(s), 1 left on base; Indianapolis HS 6 - Broken Arrow HS 6 |
BOTTOM OF THE 7TH |
Broken Arrow HS batting - Pitching for Indianapolis HS Rifles : LHP Eugene Hernández
|
Batting: RHB Chris Lancaster
|
0-0: Called Strike 0-1: Called Strike 0-2: Ball 1-2: Fly out, F9 (Flyball, 9S)
|
Batting: RHB James Thompson
|
0-0: Ball 1-0: Ball 2-0: Ball 3-0: Base on Balls
|
Batting: LHB Jesús Zamora
|
0-0: Ground out 4-3 (Groundball, 4MS) James Thompson to second
|
Batting: SHB Bill Murphy
|
0-0: Called Strike 0-1: Ball 1-1: Ball 2-1: Ball 3-1: Called Strike 3-2: Strikes out looking
|
Bottom of the 7th over - 0 run(s), 0 hit(s), 0 error(s), 1 left on base; Indianapolis HS 6 - Broken Arrow HS 6 |
TOP OF THE 8TH |
Indianapolis HS Rifles batting - Pitching for Broken Arrow HS : LHP José Colón
|
Batting: RHB Wesley Wood
|
0-0: Ball 1-0: Called Strike 1-1: Foul Ball, location: 2F 1-2: Foul Ball, location: 2F 1-2: Foul Ball, location: 2F 1-2: Foul Ball, location: 2F 1-2: Ground out 5-3 (Groundball, 5)
|
Batting: RHB Lorenzo Camacho
|
0-0: Ball 1-0: Ball 2-0: Ball 3-0: Base on Balls
|
Batting: RHB Howard Robinson
|
0-0: Ball 1-0: Fly out, F7 (Flyball, 7LS)
|
Batting: RHB Jason Tomlin
|
0-0: Swinging Strike 0-1: Swinging Strike 0-2: Fly out, F9 (Flyball, 9)
|
Top of the 8th over - 0 run(s), 0 hit(s), 0 error(s), 1 left on base; Indianapolis HS 6 - Broken Arrow HS 6 |
BOTTOM OF THE 8TH |
Broken Arrow HS batting - Pitching for Indianapolis HS Rifles : LHP Eugene Hernández
|
Batting: RHB R.J. Tucker
|
0-0: Ball 1-0: Ball 2-0: Called Strike 2-1: Fly out, F3 (Line Drive, 3S)
|
Batting: LHB Dennis Montgomery
|
0-0: SINGLE (Line Drive, 4M)
|
Pitching: RHP Javier Valéncia
|
|
Batting: RHB Ramón Santos
|
0-0: Called Strike 0-1: Called Strike 0-2: Ball 1-2: Ball 2-2: Ball 3-2: Fly out, F8 (Flyball, 78S)
|
Batting: RHB Donnie Bryan
|
0-0: Ball 1-0: Foul Ball, location: 2F 1-1: Foul Ball, location: 2F 1-2: Ball 2-2: Ground out 5-3 (Groundball, 56S)
|
Bottom of the 8th over - 0 run(s), 1 hit(s), 0 error(s), 1 left on base; Indianapolis HS 6 - Broken Arrow HS 6 |
TOP OF THE 9TH |
Indianapolis HS Rifles batting - Pitching for Broken Arrow HS : LHP José Colón
|
Pitching: RHP Wes Jordan
|
|
Batting: RHB Dwayne Roldán
|
0-0: Ball 1-0: Ground out 5-3 (Groundball, 56)
|
Batting: LHB Dave Sanders
|
0-0: Ball 1-0: Foul Ball, location: 2F 1-1: Foul Ball, location: 2F 1-2: Ball 2-2: Ground out 3-1 (Groundball, 34)
|
Batting: RHB Kevin Robinson
|
0-0: Called Strike 0-1: Ball 1-1: Ball 2-1: Ball 3-1: Foul Ball, location: 2F 3-2: Base on Balls
|
Batting: LHB Benny Marte
|
0-0: Foul Ball, location: 2F 0-1: Foul Ball, location: 2F 0-2: Ball 1-2: Foul Ball, location: 2F 1-2: Foul Ball, location: 2F 1-2: Ball 2-2: Fielders Choice at 2nd, 5-4 (Groundball, 5L)
|
Top of the 9th over - 0 run(s), 0 hit(s), 0 error(s), 0 left on base; Indianapolis HS 6 - Broken Arrow HS 6 |
BOTTOM OF THE 9TH |
Broken Arrow HS batting - Pitching for Indianapolis HS Rifles : RHP Javier Valéncia
|
Batting: RHB Jon Bush
|
0-0: Ball 1-0: Called Strike 1-1: Called Strike 1-2: Fly out, F2 (Popup, 23)
|
Batting: RHB Chris Lancaster
|
0-0: Called Strike 0-1: SOLO HOME RUN (Flyball, 9D), Distance : 373 ft
|
Tuesday, August 8th, 2017 - OOTP Baseball 17.12 Build 75
|
|